 Dungeon Crawl Stone Soup version 0.29-a0-338-g1ff7896281 (webtiles) character file.

Game seed: 15883164352698928691

4272 sammy202020 the Fighter (level 10, 0/127 HPs)
             Began as a Demonspawn Berserker on Apr 18, 2022.
             Was an Elder of Trog.
             Slain by an orc warrior
             ... wielding a +0 glaive
              (5 damage)
             ... on level 9 of the Dungeon.
             The game lasted 00:12:01 (10065 turns).

sammy202020 the Fighter (Demonspawn Berserker)     Turns: 10065, Time: 00:12:02

Health: 0/127      AC: 18    Str: 22    XL:     10   Next: 10%
Magic:  10/10      EV:  8    Int: 10    God:    Trog [****..]
Gold:   595        SH:  0    Dex: 13    Spells: 9/9 levels left

rFire   . . .      SeeInvis .   d - +3 hand axe (venom)
rCold   + + .      Faith    .   (no shield)
rNeg    . . .      Spirit   .   c - +1 chain mail
rPois   .          Reflect  .   p - +0 helmet
rElec   .          Harm     .   i - +0 cloak
rCorr   .          Rampage  .   (no gloves)
Will    ++...                   v - +0 pair of boots
Stlth   ..........              (no amulet)
HPRegen 1.31/turn               o - ring of protection from cold
MPRegen 0.12/turn               (no ring)

@: berserking, strong-willed, regenerating, very quick
A: icy blue scales 2, demonic magic 3, cold resistance 1, strong 1
a: Renounce Religion, Berserk, Trog's Hand, Brothers in Arms


You were on level 9 of the Dungeon.
You worshipped Trog.
Trog was greatly pleased with you.
You visited 1 branch of the dungeon, and saw 9 of its levels.

You collected 595 gold pieces.

Inventory:

Hand Weapons
 d - a +3 hand axe of venom (weapon)
 s - a +0 shortbow
 t - a +1 flail of protection
 x - a +0 war axe
 F - a +3 battleaxe
Missiles
 e - 9 poisoned darts (quivered)
 m - 12 boomerangs
 n - 3 curare-tipped darts
 y - a throwing net
 B - 6 atropa-tipped darts
 D - 3 silver javelins
Armour
 c - a +1 chain mail (worn)
 i - a +0 cloak (worn)
 p - a +0 helmet (worn)
 v - a +0 pair of boots (worn)
Jewellery
 o - a ring of protection from cold (left hand)
 q - a ring of ice
Wands
 j - a wand of polymorph (11)
 r - a wand of flame (14)
 w - a wand of iceblast (4)
Scrolls
 A - a scroll of fog
 E - a scroll of blinking
Potions
 a - a potion of might
 f - a potion of heal wounds {unknown}
 g - 3 potions of curing
 h - a potion of resistance {unknown}
 k - 2 potions of attraction
 l - 2 potions of mutation
 u - 3 potions of ambrosia
 z - a potion of brilliance
 C - 2 potions of lignification


   Skills:
 * Level 9.8 Fighting
 * Level 9.0 Axes
 + Level 6.2 Armour
 - Level 1.7 Dodging


You had 9 spell levels left.
You didn't know any spells.
Your spell library was empty.

Dungeon Overview and Level Annotations

Branches:
Dungeon (9/15)             Temple (0/1) D:4            Lair (0/6) D:8
    Orc: D:9-12

Altars:
Ashenzari
Kikubaaqudgha
Makhleb
Nemelex Xobeh
Ru
Trog
Xom
The Shining One

Shops:
D:5 (


Innate Abilities, Weirdness & Mutations

You are mostly covered in icy blue scales. (AC +3)
Spells you cast and wands you use may paralyse nearby enemies.
Your flesh is cold resistant. (rC+)
Your muscles are strong. (Str +2)


Message History

You kill the orc!
Trog accepts your kill.
You hit the orc.
Maggie hits you with a +5 scimitar of flaming.
* * * LOW HITPOINT WARNING * * *
Maggie burns you.
* * * LOW HITPOINT WARNING * * *
The shadow strikes at you from the darkness!
Reactivating autopickup.
Something hits you but does no damage.
Deactivating autopickup; reactivate with Ctrl-A.
Maggie gestures at you while chanting. The bolt of fire hits you!
* * * LOW HITPOINT WARNING * * *
You see here a +0 hand axe.
You slice something!! Trog accepts your kill.
Trog appreciates your killing of a magic user.
Reactivating autopickup.
You feel a bit more experienced.
You slash the shadow! You hit the orc but do no damage.
The orc is poisoned.
You slash Maggie!
You kill Maggie!
Trog accepts your kill.
Trog appreciates your killing of a magic user.
The orc hits you but does no damage. The shadow hits you.
* * * LOW HITPOINT WARNING * * *
Your Axes skill increases to level 9!
You slash the shadow!
The shadow is almost destroyed.
You slash the orc!
You kill the orc!
Trog accepts your kill.
You hit something. You closely miss something.
Deactivating autopickup; reactivate with Ctrl-A.
You barely miss something. You hit something. You hit the shadow.
You destroy the shadow!
Trog accepts your kill. Something hits you but does no damage.
The orc warrior hits you from afar with a +0 glaive.
You die...

................
................
................
.................
#.................
#........o........
.........)))......
.........@{.......
..................
..................
#.................
#.................
#.................
#......<..........
...........[......
..................


You could see an orc warrior.

Vanquished Creatures
  An elephant (D:8)
  Maggie (D:9)
  Grinder (D:4)
  A shadow (D:9)
  Sigmund (D:6)
  A yak (D:8)
  A basilisk (D:8)
  A water moccasin (D:7)
  2 sky beasts (D:6)
  A black bear (D:8)
  An ogre (D:6)
  4 centaurs
  2 phantoms
  A bullfrog (D:8)
  A kobold brigand (D:7)
  2 necrophages (D:4)
  2 gnoll sergeants
  5 scorpions
  4 wights
  A howler monkey (D:7)
  A crimson imp (D:6)
  A human zombie (D:4)
  2 hounds
  2 gnoll shamans
  6 orc priests
  3 jellies
  2 iguanas
  2 scorpion zombies (D:4)
  8 orc wizards
  A mummy (D:4)
  A howler monkey zombie (D:4)
  16 gnolls
  7 adders
  A shadow imp (D:5)
  4 white imps
  4 adder zombies (D:4)
  4 worms
  5 dart slugs
  40 orcs
  4 ball pythons
  3 bats
  6 endoplasms
  2 giant cockroaches
  9 goblins
  9 hobgoblins
  7 jackals (D:1)
  9 kobolds
  3 quokkas
  3 frilled lizards (D:2)
  A quokka zombie (D:4)
  4 rats
204 creatures vanquished.

Vanquished Creatures (others)
  A bush (D:5)
  A plant (D:8)
2 creatures vanquished.

Grand Total: 206 creatures vanquished

Notes
Turn   | Place    | Note
-------+----------+-------------------------------------------
     0 | D:1      | sammy202020 the Demonspawn Berserker began the quest for
                  | the Orb.
     0 | D:1      | Reached XP level 1. HP: 18/18 MP: 1/1
   295 | D:1      | Gained mutation: You are partially covered in icy blue
                  | scales. (AC +2) [demonic ancestry]
   295 | D:1      | Reached XP level 2. HP: 23/24 MP: 2/2
  1261 | D:1      | Reached XP level 3. HP: 29/29 MP: 3/3
  1567 | D:2      | Reached ** piety under Trog
  2218 | D:3      | Gained mutation: Spells you cast may paralyse adjacent
                  | enemies. [demonic ancestry]
  2218 | D:3      | Reached XP level 4. HP: 36/37 MP: 4/4
  2674 | D:3      | Found a faded altar of an unknown god.
  2982 | D:4      | Noticed Grinder
  2988 | D:4      | Paralysed by Grinder for 7 turns
  3002 | D:4      | Killed Grinder
  3003 | D:4      | Reached skill level 5 in Fighting
  3003 | D:4      | Gained mutation: Spells you cast may paralyse nearby
                  | enemies. [demonic ancestry]
  3003 | D:4      | Reached XP level 5. HP: 14/44 MP: 5/5
  3003 | D:4      | Gained mutation: You are mostly covered in icy blue scales.
                  | (AC +3) [demonic ancestry]
  3003 | D:4      | Reached XP level 6. HP: 17/51 MP: 6/6
  3480 | D:4      | Found a staircase to the Ecumenical Temple.
  3652 | D:4      | Reached skill level 5 in Axes
  3652 | D:4      | Found an ancient bone altar of Kikubaaqudgha.
  3671 | D:4      | Reached XP level 7. HP: 55/56 MP: 7/7
  4628 | D:5      | Entered Level 5 of the Dungeon
  5135 | D:5      | Reached XP level 8. HP: 50/65 MP: 8/8
  5360 | D:5      | Reached *** piety under Trog
  5783 | D:5      | Found Ryf Capa's Antique Weapon Boutique.
  6542 | D:6      | Noticed Sigmund
  6549 | D:6      | Killed Sigmund
  6550 | D:6      | Reached skill level 5 in Armour
  6550 | D:6      | Reached XP level 9. HP: 74/74 MP: 9/9
  7022 | D:6      | Found a sparkling altar of Nemelex Xobeh.
  7022 | D:6      | Found a sacrificial altar of Ru.
  7073 | D:6      | Found a bloodstained altar of Trog.
  7142 | D:6      | Found a burning altar of Makhleb.
  7142 | D:6      | Found a shimmering altar of Xom.
  7459 | D:7      | Reached **** piety under Trog
  8333 | D:7      | Gained mutation: Your flesh is cold resistant. (rC+)
                  | [potion of mutation]
  8333 | D:7      | Gained mutation: Your muscles are strong. (Str +2) [potion
                  | of mutation]
  8426 | D:7      | Found a broken altar of Ashenzari.
  8982 | D:8      | Noticed an elephant
  8983 | D:8      | Found a staircase to the Lair.
  9005 | D:8      | Killed an elephant
  9894 | D:8      | Gained mutation: Spells you cast and wands you use may
                  | paralyse nearby enemies. [demonic ancestry]
  9894 | D:8      | Reached XP level 10. HP: 82/84 MP: 10/10
 10046 | D:9      | Noticed Maggie
 10062 | D:9      | HP: 4/126 [Maggie/bolt of fire (17)]
 10063 | D:9      | Killed Maggie
 10065 | D:9      | Slain by an orc warrior

Illustrated notes

Levels and vault maps discovered:
D:1:      lightli_arrival_flooded_house, layout_basic, grunt_decor_arrowhead,
          item_on_display_a
D:2:      layout_basic, kennysheep_generic_room_4
D:3:      layout_basic, mainiacjoe_overflow_tiny_flanked,
          hellmonk_ecumenical_altar_inner_sanctum
D:4:      layout_basic, lemuel_mausoleum_altar_kikubaaqudgha,
          minmay_temple_entry_large_hall, uniq_grinder
D:5:      layout_cave_pods, serial_shops, kennysheep_mini, dk_noncrumbling_4,
          kb_lookout_dungeons_type, dk_noncrumbling_3, chequers_mini_garden,
          chequers_serial_rivers_micro_e, st_stairs_10
D:6:      layout_gridville, grunt_temple_overflow_champion_of_chaos,
          chequers_temple_overflow_statue_of_worship, trog_hazing_becter,
          uniq_sigmund
D:7:      layout_cave_pools, mainiacjoe_overflow_alcove_2,
          hangedman_decor_slide_cut
D:8:      layout_loops_corners, david_lair_generic
D:9:      layout_grid_maze, mainiacjoe_overflow_six_doors_small, serial_shops,
          nicolae_shop_hallway_plus, solitary_fountain, minivault_25,
          worms_lemuel, uniq_maggie, uniq_erica

Skill      XL: |  1  2  3  4  5  6  7  8  9 10 |
---------------+-------------------------------+-----
Axes           | 3 4 5 6 7 8 9 |  9.0
Armour         | 2 3 4 5 6 |  6.2
Fighting       | 5 6 8 9 |  9.8
Dodging        | |  1.7

Action                   |  1- 3 |  4- 6 |  7- 9 | 10-12 || total
-------------------------+-------+-------+-------+-------++-------
Melee: Hand axe          |   122 |   121 |   487 |    19 ||   749
       Punch             |       |     1 |     7 |       ||     8
Invok: Berserk           |       |     2 |     1 |     1 ||     4
       Trog's Hand       |       |     1 |     4 |     1 ||     6
  Use: Scroll            |       |       |    18 |       ||    18
       Potion            |       |       |     1 |     1 ||     2
Armor: Chain mail        |    87 |   101 |   388 |    14 ||   590
Dodge: Dodged            |    48 |    61 |   208 |    10 ||   327

Table legend: (Time is in decaauts)
 A = Elapsed time spent in this place.
 B = Non-inter-level travel time spent in this place.
 C = Inter-level travel time spent in this place.
 D = Time resting spent in this place.
 E = Time spent auto-exploring this place.
 F = Levels seen in this place.
 G = Mean time per level.
                   A        B        C        D        E       F      G
               +--------+--------+--------+--------+--------+-----+--------+
         Total |  10105 |  10012 |     93 |   1427 |   7026 |   9 | 1122.8 |
       Dungeon |  10105 |  10012 |     93 |   1427 |   7026 |   9 | 1122.8 |
               +--------+--------+--------+--------+--------+-----+--------+

Top non-repeatable levels by time:
     D:4: 1676 daAuts
     D:5: 1435 daAuts
     D:8: 1402 daAuts
     D:1: 1401 daAuts
     D:6: 1359 daAuts
     D:7: 1208 daAuts
     D:2: 825 daAuts
     D:3: 778 daAuts
     D:9: 17 daAuts
